 Dungeon Crawl Stone Soup version 0.29.0-4-gdea44cf6ec (webtiles) character file.

Game seed: 10480084268005977468

74 qw the Ruffian (level 4, -4/35 HPs)
             Began as a Ghoul Fire Elementalist on Aug 29, 2022.
             Killed from afar by an orc wizard (8 damage)
             ... with a magic dart
             ... on level 3 of the Dungeon.
             The game lasted 00:02:02 (2790 turns).

qw the Ruffian (Ghoul Fire Elementalist)            Turns: 2790, Time: 00:02:03

Health: -4/35      AC:  7    Str: 13    XL:     4   Next: 28%
Magic:  5/5        EV:  9    Int: 10    God:
Gold:   166        SH:  0    Dex:  9    Spells: 5/6 levels left

rFire   . . .      SeeInvis .     - Unarmed
rCold   + . .      Faith    .   (no shield)
rNeg    + + +      Spirit   .   f - +0 scale mail
rPois   inf        Reflect  .   (no helmet)
rElec   .          Harm     .   i - +0 cloak
rCorr   .          Rampage  .   (no gloves)
Will    .....                   (no boots)
Stlth   ..........              (no amulet)
HPRegen 0.00/turn               (no ring)
MPRegen 0.09/turn               (no ring)

@: inhibited regen
A: claws 1, cold resistance 1, negative energy resistance 3, inhibited
regeneration, torment resistance 2, devour on kill
a: no special abilities


You were on level 3 of the Dungeon.
You visited 1 branch of the dungeon, and saw 3 of its levels.

You collected 166 gold pieces.


Innate Abilities, Weirdness & Mutations

You are immune to poison.
You have sharp fingernails.
Your flesh is cold resistant. (rC+)
You are immune to negative energy. (rN+++)
You do not regenerate when monsters are visible.
You are immune to unholy pain and torment.
You thrive by killing the living.


   Skills:
 - Level 1.0 Fighting
 - Level 1.7 Dodging
 - Level 2.1 Stealth
 + Level 3.9 Unarmed Combat
 - Level 1.7 Spellcasting
 - Level 0.7 Conjurations
 - Level 2.4 Fire Magic


You had 5 spell levels left.
You knew the following spells:

 Your Spells              Type           Power      Damage    Failure   Level
a - Foxfire               Conj/Fire      16%        2x1d4     63%         1

Your spell library contained the following spells:

 Spells                   Type           Power      Damage    Failure   Level
 Scorch                   Fire           10%        2d6       65%         2
 Conjure Flame            Conj/Fire      4%         6-21      94%         3
 Inner Flame              Hex/Fire       3%         N/A       96%         3
 Flame Wave               Conj/Fire      4%         2d5       100%        4

Inventory:

Missiles
 j - a javelin (quivered)
Armour
 e - a +1 pair of gloves
 f - a +0 scale mail (worn)
 i - a +0 cloak (worn)
Scrolls
 b - a scroll of amnesia {unknown}
 d - a scroll of identify
 k - a scroll of magic mapping {unknown}
Potions
 a - 2 potions of curing {unknown}
 c - a potion of lignification {unknown}
 g - a potion of cancellation {unknown}
 h - a potion of flight {unknown}

Dungeon Overview and Level Annotations

Branches:
Dungeon (3/15)

Altars:
Vehumet
Yredelemnul

Shops:
D:2 :


Message History

You barely miss something. Your claw misses something.
Something hits you but does no damage.
You miss something. Something hits you but does no damage.
You barely miss something. Something hits you but does no damage.
You claw something!
You hear some strange, mumbled words.
You are confused.
You're too confused to attack without stumbling around!
There is a strange disturbance nearby!
A worm comes into view.
Something hits you but does no damage.
You bump into the rock wall.
Something hits you but does no damage. Something hits you but does no damage.
Things that are here:
a +0 mace; an orc corpse You hear some strange, mumbled words.
You are more confused.
You're too confused to move!
Something hits you. Something hits you. Something hits you but does no damage.
The worm bites you. Something hits you but does no damage. The worm bites you.
Something hits you but does no damage. The worm bites you.
You feel less confused.
You barely miss the worm. Something hits you but does no damage.
The worm closely misses you.
You scratch the worm.
The worm is lightly wounded.
Something hits you.
You scratch the worm.
The worm is lightly wounded.
The worm bites you.
You hear some strange, mumbled words.
A magic dart appears from out of thin air!
The magic dart hits you!
You die...

#..........# #.###.##.#
#.......#### #.# #....#
#.......###########.########
#.......'...%.......#.......
#.......####)...#####.......
####+#######....#####.......
#.....................
+...............[.....
#...w@........(.......
+...{.................
#######.)...................
+.?............#############
#####.#######.## ... ...#
#...P #### .()._. ###.PoP


You could see a worm.

Vanquished Creatures
  2 adders (D:3)
  A dart slug (D:3)
  2 orcs (D:3)
  4 bats
  6 endoplasms
  9 goblins
  9 hobgoblins
  2 quokkas (D:2)
  5 ball pythons
  4 frilled lizards
  2 kobolds
46 creatures vanquished.

Vanquished Creatures (others)
  A withered plant (D:3)
1 creature vanquished.

Grand Total: 47 creatures vanquished

Notes
Turn   | Place    | Note
-------+----------+-------------------------------------------
     0 | D:1      | qw the Ghoul Fire Elementalist began the quest for the Orb.
     0 | D:1      | Reached XP level 1. HP: 14/14 MP: 2/2
     0 | D:1      | 0 ||| qw: Version: 0.1-a-90-g952f4b7
     0 | D:1      | 0 ||| qw: Game counter: 4223
     0 | D:1      | 0 ||| qw: Always use a shield: true
     0 | D:1      | 0 ||| qw: God list: Okawaru
     0 | D:1      | 0 ||| qw: Allow faded altars: false
     0 | D:1      | 0 ||| qw: Do Orc after D:15 true
     0 | D:1      | 0 ||| qw: Do second Lair branch before Depths: true
     0 | D:1      | 0 ||| qw: Lair rune preference: random
     0 | D:1      | 0 ||| qw: Plans: Normal
     0 | D:1      | 0 ||| PLANNING D:1-11
    74 | D:1      | HP: 1/14 [hobgoblin (3)]
   436 | D:1      | 436 ||| Stepping ~*~*~tactically~*~*~ (outnumbered).
   437 | D:1      | 437 ||| Stepping ~*~*~tactically~*~*~ (outnumbered).
   438 | D:1      | 438 ||| Stepping ~*~*~tactically~*~*~ (outnumbered).
   439 | D:1      | 439 ||| Stepping ~*~*~tactically~*~*~ (outnumbered).
   439 | D:1      | HP: 3/14 [endoplasm (2)]
   441 | D:1      | Reached skill level 1 in Unarmed Combat
   442 | D:1      | HP: 1/14 [hobgoblin (4)]
   813 | D:1      | Reached skill level 1 in Fighting
   813 | D:1      | Reached XP level 2. HP: 17/23 MP: 3/3
   915 | D:1      | 915 ||| Stepping ~*~*~tactically~*~*~ (stealth).
   917 | D:1      | 917 ||| Stepping ~*~*~tactically~*~*~ (stealth).
   923 | D:1      | 923 ||| Stepping ~*~*~tactically~*~*~ (stealth).
  1195 | D:1      | Found a faded altar of an unknown god.
  1221 | D:1      | Reached skill level 2 in Unarmed Combat
  1587 | D:1      | 1587 ||| UPGRADING to +0 leather armour.
  1597 | D:1      | 1597 ||| DROPPING +0 robe.
  1598 | D:1      | 1598 ||| READING scroll labelled GULAIC QIZOAHO.
  1599 | D:1      | 1599 ||| READING scroll labelled NOR MON OSTREJ.
  1600 | D:1      | 1600 ||| READING scroll labelled XOXAMU EDWO.
  1601 | D:1      | 1601 ||| DROPPING potion of magic.
  1647 | D:2      | 1647 ||| Stepping ~*~*~tactically~*~*~ (stealth).
  1652 | D:2      | Reached XP level 3. HP: 28/28 MP: 4/4
  1711 | D:2      | 1711 ||| Stepping ~*~*~tactically~*~*~ (stealth).
  1713 | D:2      | 1713 ||| Stepping ~*~*~tactically~*~*~ (stealth).
  1818 | D:2      | Found Torelien's Book Shop.
  2017 | D:2      | Reached skill level 3 in Unarmed Combat
  2102 | D:2      | 2102 ||| UPGRADING to +0 ring mail.
  2112 | D:2      | 2112 ||| DROPPING +0 leather armour.
  2113 | D:2      | 2113 ||| UPGRADING to +0 scale mail.
  2123 | D:2      | 2123 ||| DROPPING +0 ring mail.
  2124 | D:2      | 2124 ||| UPGRADING to +0 cloak.
  2129 | D:2      | 2129 ||| READING scroll labelled UCUZUY ZOLYZ.
  2134 | D:2      | 2134 ||| READING 2 scrolls of identify.
  2134 | D:2      | 2134 ||| IDENTIFYING lumpy ruby potion
  2135 | D:2      | 2135 ||| DROPPING potion of brilliance.
  2216 | D:3      | Found a radiant altar of Vehumet.
  2218 | D:3      | 2218 ||| Stepping ~*~*~tactically~*~*~ (hiding).
  2219 | D:3      | 2219 ||| Stepping ~*~*~tactically~*~*~ (hiding).
  2461 | D:3      | Reached XP level 4. HP: 35/35 MP: 5/5
  2461 | D:3      | 2461 ||| Stepping ~*~*~tactically~*~*~ (stealth).
  2753 | D:3      | Found a basalt altar of Yredelemnul.
  2754 | D:3      | 2754 ||| Stepping ~*~*~tactically~*~*~ (hiding).
  2759 | D:3      | 2759 ||| Stepping ~*~*~tactically~*~*~ (hiding).
  2786 | D:3      | HP: 7/35 [worm (4)]
  2790 | D:3      | Killed from afar by an orc wizard

Levels and vault maps discovered:
D:1:      evilmike_arrival_crescent, layout_loops_ring,
          hellmonk_ecumenical_altar_blasted, serial_bayou_pond_e,
          minmay_liquid_box, st_stairs_6
D:2:      layout_rooms, serial_shops, nicolae_shop_hallway_plus
D:3:      layout_basic, trog_hazing_becter, yredelemnul_altar_generic,
          nicolae_hepliaklqana_monster_ancestors, vehumet_altar_wand_db

Skill      XL: |  1  2  3 |
---------------+----------+-----
Unarmed Combat | 1 2 3 |  3.9
Fighting       | 1 |  1.0
Dodging        | |  1.7
Stealth        | |  2.1
Spellcasting   | |  1.7
Conjurations   | |  0.7
Fire Magic     | |  2.4

Action                   |  1- 3 |  4- 6 || total
-------------------------+-------+-------++-------
Melee: Unarmed           |   126 |    24 ||   150
Throw: Javelin           |    13 |     5 ||    18
  Use: Scroll            |     5 |       ||     5
Armor: Robe              |    18 |       ||    18
       Leather armour    |     8 |       ||     8
       Scale mail        |     4 |    12 ||    16
Dodge: Dodged            |    52 |     6 ||    58

Table legend:
 A = Non-vault XP
 B = Vault XP
 C = Vault XP percentage of total XP
 D = Non-vault monster count
 E = Vault monster count
 F = Vault count percentage of total count
                 A         B        C        D         E       F
            +---------+---------+-------+---------+---------+-------
      Total |     101 |       5 |   4.7 |      43 |       3 |   6.5
            +---------+---------+-------+---------+---------+-------
        D:1 |      28 |       3 |   9.7 |      16 |       2 |  11.1
        D:2 |      25 |       0 |   0.0 |      14 |       0 |   0.0
        D:3 |      48 |       2 |   4.0 |      13 |       1 |   7.1
            +---------+---------+-------+---------+---------+-------
